 Dungeon Crawl Stone Soup version 0.30-a0-568-g124715a40b (webtiles) character file.

Game seed: 11353411204871602223

7378 avis the Skirmisher (level 10, -2/81 HPs)
             Began as a Demigod Hunter on Dec 26, 2022.
             Slain by a very large slime creature (17 damage)
             ... on level 9 of the Dungeon on Dec 29, 2022.
             The game lasted 01:01:26 (9440 turns).

avis the Skirmisher (Demigod Hunter)                Turns: 9440, Time: 01:01:27

Health: -2/81      AC:  9    Str: 12    XL:     10   Next: 61%
Magic:  13/13      EV: 22    Int: 11    God:
Gold:   258        SH:  0    Dex: 29    Spells: 7/9 levels left

rFire   + . .      SeeInvis +    w - +5 woodcutter's axe
rCold   . . .      Faith    .    (shield currently unavailable)
rNeg    . . .      Spirit   .    c - +0 leather armour
rPois   +          Reflect  .    k - +4 helmet of the Doldrums {rCorr}
rElec   .          Harm     .    Q - +0 cloak {rPois}
rCorr   +          Rampage  .    (no gloves)
Will    +....                    (no boots)
Stlth   ++                       (no amulet)
HPRegen 0.33/turn                O - ring of protection from fire
MPRegen 0.13/turn                r - ring of see invisible

@: hasted, very quick
A: high MP 1, forlorn, divine attributes
a: no special abilities


You were on level 9 of the Dungeon.
You visited 2 branches of the dungeon, and saw 10 of its levels.
You also visited: Sewer.

You collected 448 gold pieces.
You spent 190 gold pieces at shops.

Inventory:

Hand Weapons
 a - a +0 shortbow
 b - the +10 short sword of Wutar {venom, rElec rPois Str-5 Dex+2}
   (You found it on level 7 of the Dungeon)

   It poisons the flesh of those it strikes.
   Str:       It affects your strength (-5).
   Dex:       It affects your dexterity (+2).
   rElec:     It insulates you from electricity.
   rPois:     It protects you from poison.
 j - a +1 flail of venom
 l - a +4 war axe
 q - a +2 flail
 w - the +5 woodcutter's axe (weapon)
   (You found it on level 2 of the Dungeon)
 D - a +0 arbalest
 H - a +2 dagger of draining
Missiles
 i - 42 poisoned darts (quivered)
 z - 2 throwing nets
 J - a curare-tipped dart
Armour
 c - a +0 leather armour (worn)
 k - the +4 helmet of the Doldrums (worn) {rCorr}
   (You bought it in a shop on level 3 of the Dungeon)

   rCorr:     It protects you from acid and corrosion.
 s - a +0 kite shield
 K - a +0 buckler
 Q - a +0 cloak of poison resistance (worn)
Jewellery
 r - a ring of see invisible (right hand)
 t - a ring of protection from cold
 E - a ring of see invisible
 O - a ring of protection from fire (left hand)
Wands
 F - a wand of polymorph (6)
 I - a wand of acid (8)
 M - a wand of flame (13)
 N - a wand of paralysis (11)
Scrolls
 e - 2 scrolls of magic mapping {unknown}
 f - 4 scrolls of fear {unknown}
 h - 4 scrolls of teleportation {unknown}
 m - a scroll of amnesia {unknown}
 o - 3 scrolls of poison {unknown}
 v - 2 scrolls of fog {unknown}
 x - 3 scrolls of enchant armour {unknown}
 y - 5 scrolls of noise {unknown}
 B - 4 scrolls of blinking
 G - a scroll of enchant weapon
Potions
 d - 4 potions of curing
 g - 2 potions of cancellation
 n - 2 potions of lignification
 u - 2 potions of ambrosia
 A - 2 potions of magic
 C - a potion of might {unknown}
 L - 3 potions of flight
 P - a potion of attraction


   Skills:
 - Level 5.0 Fighting
 * Level 10.6 Ranged Weapons
 * Level 10.6 Dodging
 - Level 0.8 Stealth
 - Level 3.0 Transmutations


You had 7 spell levels left.
You knew the following spells:

 Your Spells              Type           Power      Damage    Failure   Level
a - Wereblood             Tmut           6%         N/A       21%         2

Your spell library contained the following spells:

 Spells                   Type           Power      Damage    Failure   Level
 Beastly Appendage        Tmut           12%        N/A       13%         1
 Apportation              Tloc           0%         N/A       41%         1
 Necrotise                Necr           0%         1d4       41%         1
 Summon Small Mammal      Summ           0%         N/A       41%         1
 Sublimation of Blood     Necr           0%         N/A       56%         2
 Spider Form              Tmut/Pois      3%         N/A       58%         3
 Ignite Poison            Fire/Tmut/Pois 2%         N/A       65%         3
 Call Canine Familiar     Summ           0%         N/A       80%         3
 Summon Guardian Golem    Hex/Summ       0%         N/A       80%         3
 Vhi's Electric Charge    Tloc/Air       0%         N/A       80%         3
 Sticky Flame             Conj/Fire      0%         2d3       99%         4
 Arcjolt                  Conj/Air       0%         1d10      100%        5
 Summon Hydra             Summ           0%         N/A       100%        7
 Ignition                 Fire           0%         3d3       100%        8
 Maxwell's Capacitive Co  Air            0%         ∞         100%        8


Dungeon Overview and Level Annotations

Branches:
Dungeon (9/15)             Temple (1/1) D:6            Lair (0/5) D:9
  Sewer (visited)
    Orc: D:9-12

Shops:
D:3 [

Annotations:
D:4 3 runed translucent doors, Tollund's ghost, amateur OpTm
D:5 2 transporters


Innate Abilities, Weirdness & Mutations

You have an increased reservoir of magic. (+10% MP)
You shall have no god before yourself.
Your divine heritage dramatically boosts your attributes as you level up.


Message History

w - the +5 woodcutter's axe (weapon)
The very large slime creature completely misses you.
The troll misses you. The troll completely misses you.
The troll closely misses you.
You barely miss the troll.
The troll is moderately wounded.
You hit the very large slime creature.
The very large slime creature completely misses you.
The troll completely misses you. The troll barely misses you.
The troll completely misses you.
You slice the troll!!
The troll is almost dead.
You hit the very large slime creature. The troll closely misses you. x2
The troll claws you but does no damage.
The very large slime creature closely misses you.
You hit the troll.
You kill the troll!
You slash the very large slime creature!
The very large slime creature barely misses you.
You slice the very large slime creature!!
The very large slime creature is heavily wounded.
The very large slime creature misses you.
You slash the very large slime creature!
The very large slime creature is heavily wounded.
The very large slime creature closely misses you.
You slice the very large slime creature!!
The very large slime creature is severely wounded.
The very large slime creature completely misses you.
You slash the very large slime creature!
The very large slime creature is severely wounded.
The very large slime creature completely misses you.
You hit the very large slime creature but do no damage.
The very large slime creature is severely wounded.
The very large slime creature hits you!!
* * * LOW HITPOINT WARNING * * *
You feel better.
You slash the very large slime creature!
The very large slime creature is severely wounded.
The very large slime creature hits you!
You die...

...... #.#.. #.#
###### #.## ### #.#
..# #<# ... #.# #. #.#
#.# .. ..# #.. #.##.#
#.# #.##J# ..# #.##@#
### #.##.# #.##.# #+#
#....# #.# #..#.####
#.# ##.##.....
###.########.........
.............#########
.###....>....#


You could see a very large slime creature.

Vanquished Creatures
  An elephant (D:9)
  Joseph (D:7)
  2 trolls
  A hornet (D:8)
  Prince Ribbit (D:6)
  A shadow (D:6)
  A vampire (D:9)
  2 wyverns
  5 yaks
  A basilisk (D:9)
  An acid dragon (D:8)
  2 water moccasins
  2 orc warriors (D:8)
  3 ice beasts
  2 sky beasts
  An ogre (D:4)
  3 black bears
  3 centaurs
  3 phantoms
  6 bullfrogs
  4 kobold brigands
  2 scorpions
  A gnoll sergeant (D:8)
  12 wights
  3 killer bees (D:8)
  3 howler monkeys
  A gnoll bouda (D:6)
  3 jellies
  2 orc priests (D:8)
  Crazy Yiuf (D:7)
  2 hounds
  4 iguanas
  Ijyb (D:4)
  6 orc wizards
  Robin (D:3)
  11 gnolls
  8 adders
  A shadow imp (D:5)
  3 white imps
  3 ufetubi
  4 worms
  2 dart slugs
  16 orcs
  3 bats
  15 endoplasms
  13 giant cockroaches
  15 goblins
  3 hobgoblins
  8 jackals
  16 kobolds
  12 quokkas
  14 ball pythons
  13 frilled lizards
  6 rats
254 creatures vanquished.

Vanquished Creatures (others)
  35 fungi (D:6)
35 creatures vanquished.

Grand Total: 289 creatures vanquished

Notes
Turn   | Place    | Note
-------+----------+-------------------------------------------
     0 | D:1      | avis the Demigod Hunter began the quest for the Orb.
     0 | D:1      | Reached XP level 1. HP: 17/17 MP: 3/3
   206 | D:1      | Reached XP level 2. HP: 24/24 MP: 4/4
   878 | D:2      | Reached XP level 3. HP: 29/29 MP: 5/5
   923 | D:2      | Found the +3 woodcutter's axe {vorpal}
  1756 | D:3      | Noticed Robin
  1775 | D:3      | Killed Robin
  1779 | D:3      | Reached XP level 4. HP: 36/37 MP: 6/6
  1886 | D:3      | Found Natratsyam's Antique Armour Shoppe.
  2399 | D:4      | Reached XP level 5. HP: 31/44 MP: 7/7
  2590 | D:4      | Found a glowing drain.
  2594 | D:4      | Noticed an ogre
  2606 | D:4      | Killed an ogre
  2637 | Sewer    | Entered a sewer
  2698 | Sewer    | Reached XP level 6. HP: 51/51 MP: 8/8
  2889 | Sewer    | Reached skill level 5 in Dodging
  2978 | D:4      | Found a runed translucent gate.
  2978 | D:4      | Found a runed translucent gate.
  2978 | D:4      | Found a runed translucent gate.
  2980 | D:4      | Noticed Tollund's ghost (amateur OpTm)
  3289 | D:4      | Identified the +4 short sword of Siots {drain, Fragile rC+
                  | rCorr Dex+2}
  3432 | D:4      | Reached skill level 5 in Ranged Weapons
  3624 | D:5      | Entered Level 5 of the Dungeon
  3624 | D:5      | Noticed Ijyb
  3636 | D:4      | Killed Ijyb
  3637 | D:4      | Reached XP level 7. HP: 37/58 MP: 9/9
  3727 | D:5      | Noticed a kobold demonologist
  3727 | D:5      | Found a transporter.
  4068 | D:5      | Found a transporter.
  4696 | D:6      | Found a staircase to the Ecumenical Temple.
  4710 | Temple   | Entered the Ecumenical Temple
  4723 | Temple   | Upgraded the game from 0.30-a0-553-g7fabdf1491 to
                  | 0.30-a0-557-ge2afbf3030
  4788 | D:3      | Bought an ichor-stained helmet for 190 gold pieces
  4788 | D:3      | Identified the +4 helmet of the Doldrums {rCorr} (You
                  | bought it in a shop on level 3 of the Dungeon)
  4801 | D:3      | Learned a level 2 spell: Wereblood
  5093 | D:6      | Noticed Prince Ribbit
  5099 | D:6      | Killed Prince Ribbit
  5099 | D:6      | Noticed a troll
  5117 | D:6      | Killed a troll
  5118 | D:6      | Reached XP level 8. HP: 26/67 MP: 10/10
  5470 | D:6      | Reached skill level 5 in Fighting
  6372 | D:7      | Reached XP level 9. HP: 69/73 MP: 11/11
  6402 | D:7      | Reached skill level 1 in Transmutations
  6443 | D:7      | Noticed Joseph
  6661 | D:7      | Killed Joseph
  7051 | D:7      | Identified the +10 short sword of Wutar {venom, rElec rPois
                  | Str-5 Dex+2}
  7286 | D:7      | Found a runed translucent door.
  7287 | D:7      | Noticed Crazy Yiuf
  7294 | D:7      | Killed Crazy Yiuf
  8188 | D:8      | Reached XP level 10. HP: 62/81 MP: 13/13
  8654 | D:8      | Reached skill level 10 in Ranged Weapons
  8654 | D:8      | Reached skill level 10 in Dodging
  8797 | D:8      | Upgraded the game from 0.30-a0-557-ge2afbf3030 to
                  | 0.30-a0-568-g124715a40b
  8983 | D:9      | Noticed an elephant
  9008 | D:9      | Killed an elephant
  9279 | D:9      | Found a staircase to the Lair.
  9440 | D:9      | Slain by a very large slime creature

Illustrated notes

Levels and vault maps discovered:
D:1:      wander_arrival_chamber, layout_basic
D:2:      layout_basic, minmay_pentomino_v2
D:3:      layout_rooms, mainiacjoe_overflow_six_doors_small, serial_shops,
          nicolae_diamond_shop, minmay_misc_feat_ornament, uniq_robin
D:4:      layout_loops_ring, led_sif_book, cheibrodos_sewer_entry_sluice,
          gammafunk_ghost_split
D:5:      gammafunk_wand_slinger, layout_rooms, gammafunk_temple_overflow_wave,
          uniq_ijyb
D:6:      minmay_opposing_rooms, layout_basic,
          mainiacjoe_overflow_catch_the_wave, minmay_temple_entry_antechambers,
          grunt_ministairs_5, uniq_prince_ribbit1
D:7:      layout_cave_pools, nicolae_dithmenos_shadow_blocks, st_stairs_11,
          uniq_crazy_yiuf_cottage, uniq_joseph
D:8:      minmay_razor_zed, layout_cave_pools, pdpol_wu_jian_five_deadly_venoms
D:9:      layout_basic, david_lair_generic
Temple:   nicolae_temple_bog_church

Skill      XL: |  1  2  3  4  5  6  7  8  9 10 |
---------------+-------------------------------+-----
Dodging        | 2 3 4 5 6 7 9 10 | 10.6
Fighting       | 2 3 4 5 |  5.0
Ranged Weapons | 4 5 6 7 9 10 | 10.6
Transmutations | 3 |  3.0
Stealth        | |  0.8

Action                   |  1- 3 |  4- 6 |  7- 9 | 10-12 || total
-------------------------+-------+-------+-------+-------++-------
Melee: Battleaxe         |     8 |    69 |   141 |     9 ||   227
       Short sword       |       |       |    47 |   120 ||   167
       Punch             |       |       |     2 |     3 ||     5
 Fire: Shortbow          |    94 |   139 |   215 |    36 ||   484
Throw: Dart              |       |     4 |       |       ||     4
  Use: Scroll            |       |       |    12 |       ||    12
       Potion            |       |       |     3 |     3 ||     6
 Stab: Sleeping          |     1 |       |       |       ||     1
Armor: Leather armour    |     7 |    16 |    59 |    21 ||   103
Dodge: Dodged            |    16 |    57 |   247 |   149 ||   469

Table legend: (Time is in decaauts)
 A = Elapsed time spent in this place.
 B = Non-inter-level travel time spent in this place.
 C = Inter-level travel time spent in this place.
 D = Time resting spent in this place.
 E = Time spent auto-exploring this place.
 F = Levels seen in this place.
 G = Mean time per level.
                   A        B        C        D        E       F      G
               +--------+--------+--------+--------+--------+-----+--------+
         Total |   9554 |   8242 |   1312 |   1297 |   4398 |  11 |  868.5 |
       Dungeon |   9147 |   7837 |   1310 |   1297 |   4391 |   9 | 1016.3 |
        Temple |     43 |     41 |      2 |      0 |      0 |   1 |   43.0 |
         Sewer |    362 |    362 |      0 |      0 |      7 |   1 |  362.0 |
               +--------+--------+--------+--------+--------+-----+--------+

Top non-repeatable levels by time:
     D:6: 1750 daAuts
     D:8: 1417 daAuts
     D:4: 1113 daAuts
     D:7: 1077 daAuts
     D:5: 942 daAuts
     D:1: 880 daAuts
     D:2: 872 daAuts
     D:3: 738 daAuts
   Sewer: 362 daAuts
     D:9: 355 daAuts
  Temple: 43 daAuts
